 Dungeon Crawl Stone Soup version 0.29.0-5-ge4962eb29e (webtiles) character file.

Game seed: 9641909098949074985

63 Flugkiller the Trooper (level 3, -2/34 HPs)
             Began as a Minotaur Fighter on Aug 28, 2022.
             Was an Initiate of Gozag.
             Slain by a phantom (3 damage)
             ... on level 4 of the Dungeon.
             The game lasted 00:00:59 (2644 turns).

Flugkiller the Trooper (Minotaur Fighter)           Turns: 2644, Time: 00:00:59

Health: -2/34      AC:  8    Str: 20    XL:     3   Next: 89%
Magic:  2/2        EV:  9    Int:  5    God:    Gozag
Gold:   214        SH:  4    Dex: 11    Spells: 2/2 levels left

rFire   . . .      SeeInvis .   a - +0 war axe
rCold   . . .      Faith    .   c - +0 buckler
rNeg    . . .      Spirit   .   b - +0 scale mail
rPois   .          Reflect  .   (helmet restricted)
rElec   .          Harm     .   (no cloak)
rCorr   .          Rampage  .   (no gloves)
Will    .....                   k - +0 pair of boots
Stlth   ..........              (no amulet)
HPRegen 0.11/turn               (no ring)
MPRegen 0.08/turn               (no ring)

@: mighty
A: horns 2, retaliatory headbutt
a: Renounce Religion, Potion Petition, Call Merchant, Bribe Branch


You were on level 4 of the Dungeon.
You worshipped Gozag.
Gozag was aware of your devotion.
You visited 1 branch of the dungeon, and saw 4 of its levels.

You collected 230 gold pieces.
You paid 16 gold pieces to Gozag.

Inventory:

Hand Weapons
 a - a +0 war axe (weapon)
Missiles
 l - a throwing net (quivered)
Armour
 b - a +0 scale mail (worn)
 c - a +0 buckler (worn)
 k - a +0 pair of boots (worn)
   (You found it on level 2 of the Dungeon)
Jewellery
 i - a ring of see invisible
   (You found it on level 2 of the Dungeon)
 t - a +6 ring of dexterity
   (You found it on level 3 of the Dungeon)
Scrolls
 e - a scroll of silence {unknown}
 g - 2 scrolls of amnesia {unknown}
 h - 3 scrolls of fear {unknown}
 m - 2 scrolls of identify {unknown}
 q - a scroll of butterflies {unknown}
 s - a scroll of immolation {unknown}
 v - a scroll of enchant weapon {unknown}
Potions
 d - 2 potions of might
 f - a potion of resistance {unknown}
 j - 2 potions of mutation {unknown}
 n - a potion of invisibility {unknown}
 o - a potion of curing {unknown}
 p - a potion of heal wounds {unknown}
 r - a potion of attraction {unknown}
 u - a potion of degeneration {unknown}


   Skills:
 + Level 4.3 Fighting
 * Level 4.0 Axes
 + Level 4.2 Armour
 - Level 3.6 Shields


You had 2 spell levels left.
You didn't know any spells.
Your spell library was empty.

Dungeon Overview and Level Annotations

Branches:
Dungeon (4/15)
 Temple: D:4-7

Altars:
Gozag
Trog


Innate Abilities, Weirdness & Mutations

You have a pair of horns on your head.
You reflexively headbutt those who attack you in melee.


Message History

No target in view!
No target in view!
No target in view!
No target in view!
(D) Dungeon
Where to? (Enter - D:3, ? - help)
There is a stone staircase leading down here.
You climb downwards.
You hear the sound of rushing water.
There is an entrance to a sewer on this level.
Hurry and find it before the portal rusts away!
Found a scroll labelled AHEISM CEPNOEH and a fuming silvery potion.
There is a stone staircase leading up here.
A phantom is nearby!
A phantom is nearby!
A phantom is nearby!
A black bear comes into view.
Found a bloodstained altar of Trog.
Found an escape hatch in the ceiling.
The black bear growls angrily.
A black bear comes into view.
The black bear growls angrily.
You hit the phantom.
The phantom is moderately damaged.
The phantom hits you but does no damage.
You barely miss the phantom.
The phantom is moderately damaged.
The phantom hits you.
You hit the phantom.
The phantom is heavily damaged.
The phantom hits you but does no damage.
You block the phantom's attack.
You barely miss the phantom. Your headbutt misses the phantom.
The phantom is heavily damaged.
The phantom hits you but does no damage.
You barely miss the phantom.
The phantom is moderately damaged.
The phantom completely misses you. You furiously retaliate!
You headbutt the phantom, but do no damage.
You miss the phantom.
The phantom is moderately damaged.
You completely miss the black bear. You block the phantom's attack.
The black bear bites you.
The black bear claws you but does no damage. x2
The phantom hits you. The black bear bites you. The black bear claws you.
The black bear claws you but does no damage.
You closely miss the phantom.
The phantom is moderately damaged.
You hit the black bear.
The black bear bites you but does no damage.
The black bear claws you but does no damage. x2
The phantom hits you.
The phantom blinks!
You blink.
The black bear barely misses you.
The black bear claws you but does no damage.
You block the black bear's attack.
You barely miss the phantom. You headbutt the phantom.
The phantom is heavily damaged.
You hit the black bear.
The phantom hits you but does no damage.
The black bear bites you but does no damage.
The black bear claws you but does no damage.
You block the black bear's attack.
You hit the phantom but do no damage.
The phantom is heavily damaged.
You hit the black bear. x2; The black bear bites you.
You block the black bear's attack. The black bear claws you.
You block the phantom's attack.
The black bear bites you but does no damage.
The black bear misses you. x2; The black bear barely misses you.
You furiously retaliate!
You headbutt the black bear! The black bear closely misses you.
The black bear barely misses you. The black bear closely misses you.
You block the black bear's attack. The black bear claws you.
* * * LOW HITPOINT WARNING * * *
The phantom barely misses you.
You are too injured to fight recklessly!
You are too injured to fight recklessly!
You are too injured to fight recklessly!
Unknown command.
You feel very mighty all of a sudden. The black bear bites you.
* * * LOW HITPOINT WARNING * * *
The black bear barely misses you.
The black bear claws you but does no damage.
The phantom hits you but does no damage.
The black bear bites you.
* * * LOW HITPOINT WARNING * * *
The black bear claws you.
* * * LOW HITPOINT WARNING * * *
The black bear claws you but does no damage.
You hit the black bear.
The black bear is heavily wounded.
You barely miss the black bear. You barely miss the phantom.
The black bear bites you but does no damage.
The black bear claws you but does no damage.
The black bear closely misses you. The black bear barely misses you.
You furiously retaliate!
You headbutt the black bear! The black bear misses you.
The black bear claws you but does no damage.
The phantom hits you.
You die...
Your body crumbles into a pile of gold.

...... ##.
...... ...
#.PPP.. ..
..._..# ..
....P.# #.
..... #. ##W.#
#.###@..##<
#.<.hh.......
#..?....!......
######.....####
##...## ##.##
##


You could see 2 black bears and a phantom.

Vanquished Creatures
  An adder (D:3)
  3 dart slugs
  3 ball pythons
  6 bats
  7 endoplasms
  4 goblins
  2 hobgoblins (D:1)
  3 jackals (D:1)
  4 kobolds
  3 quokkas
  2 frilled lizards
  6 rats
44 creatures vanquished.

Notes
Turn   | Place    | Note
-------+----------+-------------------------------------------
     0 | D:1      | Flugkiller the Minotaur Fighter began the quest for the
                  | Orb.
     0 | D:1      | Reached XP level 1. HP: 19/19 MP: 0/0
   263 | D:1      | Reached XP level 2. HP: 25/27 MP: 1/1
   797 | D:2      | Reached XP level 3. HP: 33/33 MP: 2/2
   800 | D:2      | Found a faded altar of an unknown god.
   942 | D:2      | Found an opulent altar of Gozag.
  1009 | D:2      | Became a worshipper of Gozag Ym Sagoz the Greedy
  2632 | D:4      | Noticed a phantom
  2633 | D:4      | Found a bloodstained altar of Trog.
  2633 | D:4      | Noticed a black bear
  2633 | D:4      | Noticed a black bear
  2643 | D:4      | HP: 1/34 [black bear (4)]
  2644 | D:4      | Slain by a phantom

Illustrated notes

Levels and vault maps discovered:
D:1:      onia_arrival_mini_maze, layout_basic
D:2:      layout_loops_corners, basic_altar,
          hellmonk_ecumenical_altar_heavens_door, minmay_misc_feat_plants
D:3:      layout_basic, kennysheep_pointless_box, minivault_19
D:4:      layout_loops_ring, trog_ov_bears_minmay, portal_sewer_entry_b,
          serial_shops, shop, uniq_duvessa, uniq_blork_the_orc

Skill      XL: |  1  2  3 |
---------------+----------+-----
Axes           | 3 4 |  4.0
Fighting       | 4 |  4.3
Armour         | 4 |  4.2
Shields        | |  3.6

Action                   || total
-------------------------++-------
Melee: War axe           ||   110
       Headbutt          ||    12
  Use: Potion            ||     1
Armor: Scale mail        ||    75
Dodge: Dodged            ||    72
Block: Buckler           ||    37
